 Dungeon Crawl Stone Soup version 0.24.0-37-gcf1ca852f1 (console) character file.

Game seed: 11405987209509277336, levelgen mode: deterministic

14 AlterAsc the Skirmisher (level 2, 26/26 HPs)
             Began as a Ghoul Fighter on Nov 24, 2019.
             Quit the game on level 1 of the Dungeon.
             The game lasted 00:01:14 (358 turns).

AlterAsc the Skirmisher (Ghoul Fighter)              Turns: 358, Time: 00:01:15

Health: 26/26      AC:  6    Str: 19    XL:     2   Next: 45%
Magic:  1/1        EV:  7    Int:  3    God:
Gold:   27         SH:  8    Dex:  8    Spells: 1/1 levels left

rFire    . . .     SeeInvis .     - Unarmed
rCold    + . .     Gourm    .   b - +0 shield
rNeg     + + +     Faith    .   a - +0 scale mail
rPois    ∞         Spirit   .   (no helmet)
rElec    .         Reflect  .   (no cloak)
rCorr    .         Harm     .   (no gloves)
MR       .....                  (no boots)
Stlth    ..........             h - amulet of inaccuracy (curse)
HPRegen  0.08/turn              (no ring)
MPRegen  0.07/turn              (no ring)

@: rotting
A: rotting body, claws 1, carnivore, cold resistance 1, negative energy
resistance 3, inhibited regeneration, torment resistance, unbreathing
a: no special abilities


You were on level 1 of the Dungeon.
You were not hungry.

You visited 1 branch of the dungeon, and saw 1 of its levels.

You collected 27 gold pieces.

Inventory:

Armour
 a - a +0 scale mail (worn)
 b - a +0 shield (worn)
Jewellery
 h - a cursed amulet of inaccuracy (around neck)
Potions
 c - a potion of might
 f - a potion of brilliance {unknown}
Comestibles
 d - 2 rations
 g - a chunk of flesh


   Skills:
 + Level 3.5 Fighting
 - Level 2.7 Armour
 + Level 2.9 Shields
 * Level 2.8 Unarmed Combat


You had one spell level left.
You didn't know any spells.
Your spell library was empty.

Dungeon Overview and Level Annotations

Branches:
Dungeon (1/15)

Altars:


Innate Abilities, Weirdness & Mutations

Your body is rotting away.
You thrive on raw meat.
You are immune to poison.
You have sharp fingernails.
You are carnivorous and can eat meat at any time.
Your flesh is cold resistant. (rC+)
You are immune to negative energy. (rN+++)
You do not regenerate when monsters are visible.
You are immune to unholy pain and torment.
You can survive without breathing.


Message History

You miss the bat. You block the bat's attack. You block the bat's attack.
The bat hits you but does no damage. The bat hits you but does no damage.
You block the bat's attack.
Your shield prevents you from hitting the bat.
The bat hits you.
You claw the bat!
You kill the bat!
You see here a bat corpse.
You butcher the bat corpse.
g - 5 chunks of flesh (gained 1)
You see here a bat skeleton.
Some of the chunks of flesh in your inventory have rotted away.
h - a thin garnet amulet Oops, that amulet feels deathly cold.
h - a cursed amulet of inaccuracy (around neck)
As you read the scroll labeled ZIXZOL HIEMP, it crumbles to dust.
It is a scroll of enchant weapon.
You aren't carrying any weapons that can be enchanted.
Are you sure you want to abandon this character and quit the game? (Confirm with "yes".)

.....# .....# ##############..
.....# #....?..#........
.....# #.......#...)....
.....# #.......#........
.....# #.....[..........
.....# #................
.....######### #.............
##...........# #@....†...#
#...........# #......%.##
#.#.........###......#.#
#.#....................## #
#.#..........#.......#..##..#
#.#(.(......##..............#
#.##)....#........÷.##.#....#
#...).#.....##......##.#......
#....#..............#..#......


There were no monsters in sight!

Vanquished Creatures
  A dart slug (D:1)
  3 bats (D:1)
  A giant cockroach (D:1)
  A goblin (D:1)
  3 kobolds (D:1)
  3 rats (D:1)
12 creatures vanquished.

Notes
Turn   | Place    | Note
-------+----------+-------------------------------------------
     0 | D:1      | AlterAsc the Ghoul Fighter began the quest for the Orb.
     0 | D:1      | Reached XP level 1. HP: 19/19 MP: 0/0
   103 | D:1      | Reached XP level 2. HP: 14/26 MP: 1/1
   358 | D:1      | Quit the game

Levels and vault maps discovered:
D:1:      dpeg_arrival_prison, layout_rooms

Action                   || total
-------------------------++-------
Melee: Unarmed           ||    60
  Use: Scroll            ||     1
  Eat: Chunk             ||     1
Armor: Scale mail        ||    37
Dodge: Dodged            ||    13
Block: Shield            ||    40
